 Dungeon Crawl Stone Soup version 0.31.0-11-ge490571c62 (webtiles) character file.

Game seed: 5623380056715288395

81 qw the Shooter (level 4, -4/25 HPs)
             Began as a Deep Elf Hunter on Feb 4, 2024.
             Slain by Natasha (6 damage)
             ... on level 2 of the Dungeon.
             The game lasted 00:00:04 (1389 turns).

qw the Shooter (Deep Elf Hunter)                    Turns: 1389, Time: 00:00:04

Health: -4/25      AC:  6    Str: 10    XL:     4   Next: 20%
Magic:  6/6        EV: 12    Int: 14    God:
Gold:   62         SH:  0    Dex: 18    Spells: 3/3 levels left

rFire   . . .        a - +0 shortbow
rCold   . . .        (shield currently unavailable)
rNeg    . . .        c - +0 leather armour
rPois   .            (no helmet)
rElec   .            f - +2 cloak
rCorr   .            (no gloves)
SInv    .            (no boots)
Will    .....        (no amulet)
Stlth   ++           (no ring)
HPRegen 0.24/turn    (no ring)
MPRegen 0.10/turn

%: no passive effects
@: no status effects
A: no striking features
a: no special abilities


You were on level 2 of the Dungeon.
You visited 1 branch of the dungeon, and saw 2 of its levels.

You collected 62 gold pieces.


   Skills:
 - Level 1.5 Fighting
 + Level 7.6 Ranged Weapons
 - Level 2.4 Dodging
 - Level 1.2 Stealth


You had 3 spell levels left.
You didn't know any spells.
Your spell library was empty.

Inventory:

Hand Weapons
 a - a +0 shortbow (weapon)
Armour
 c - a +0 leather armour (worn)
 f - a +2 cloak (worn)
Jewellery
 e - a +6 ring of strength
Scrolls
 b - a scroll of vulnerability {unknown}
 d - a scroll of fog {unknown}
 g - a scroll of immolation {unknown}

Dungeon Overview and Level Annotations

Branches:
Dungeon (2/15)

Altars:
Uskayaw

Shops:
D:1 (

Annotations:
D:2 Natasha


Message History

Enter note:
Enter note: You shoot an arrow.
The arrow hits the giant cockroach!
You kill the giant cockroach!
Natasha, Servant of Life and Death comes into view.
A kobold comes into view. It is wielding a +0 short sword.
You shoot an arrow. The arrow closely misses Natasha.
Natasha hisses angrily.
The kobold shouts!
The arrow hits the kobold.
The kobold is heavily wounded.
The kobold throws a stone.
The stone closely misses you. Natasha casts a spell at you.
The magic dart hits you!
1378 ||| FLEEEEING.
You start resting.
Natasha is nearby!
You shoot an arrow. The arrow closely misses Natasha.
Natasha claws you.
You shoot an arrow. The arrow hits Natasha!
Natasha is severely wounded.
Natasha casts a spell at you. The magic dart hits you!
You shoot an arrow. The arrow barely misses Natasha.
Natasha casts a spell at you. The magic dart hits you!
You shoot an arrow. The arrow hits Natasha.
Natasha is almost dead.
Natasha mumbles some strange words.
You shoot an arrow. The arrow hits Natasha.
Natasha is almost dead.
Natasha barely misses you.
The cerulean imp hits you but does no damage.
You shoot an arrow. The arrow closely misses Natasha.
The arrow barely misses the cerulean imp.
Natasha misses you. The cerulean imp misses you.
You shoot an arrow. The arrow closely misses Natasha.
The arrow misses the cerulean imp.
Natasha claws you.
You die...
Natasha begins licking her fur clean.

#. ... #.# #.# #.# .. ## ##
####.####...K #...... #<..#.
..##5K.....h. #...... .#.#.
#.##.h###########...... + .....
#.##..@.........#......
#.#.#.###.###..................
#.#'#....................%.....
#......##.###............).....
#......'..# #..................
#......#### #..................
#...%..# #............)..:..
#......# #............##....
#......# #............######


You could see Natasha, a cerulean imp (summoned) and a kobold.

Vanquished Creatures
  Natasha (D:2)
  An adder (D:2)
  2 ribbon worms (D:2)
  3 bats (D:1)
  3 endoplasms
  5 giant cockroaches
  3 goblins
  7 hobgoblins
  7 kobolds
  A quokka (D:2)
  4 ball pythons
  4 frilled lizards
41 creatures vanquished.

Notes
Turn   | Place    | Note
-------+----------+-------------------------------------------
     0 | D:1      | qw the Deep Elf Hunter began the quest for the Orb.
     0 | D:1      | Reached XP level 1. HP: 12/12 MP: 3/3
     0 | D:1      | 0 ||| qw: Version: 0.3-a-160-g6735b56
     0 | D:1      | 0 ||| qw: Game counter: 5079
     0 | D:1      | 0 ||| qw: Melee chars always use a shield: true
     0 | D:1      | 0 ||| qw: God list: Okawaru
     0 | D:1      | 0 ||| qw: Allow faded altars: false
     0 | D:1      | 0 ||| qw: Do Orc after clearing Dungeon:15 true
     0 | D:1      | 0 ||| qw: Do second Lair branch before Depths: true
     0 | D:1      | 0 ||| qw: Lair rune preference: random
     0 | D:1      | 0 ||| qw: Goals: Normal
     0 | D:1      | 0 ||| PLANNING D:1-11
   243 | D:1      | Reached XP level 2. HP: 16/16 MP: 4/4
   283 | D:1      | Reached skill level 6 in Ranged Weapons
   725 | D:1      | Found Jirasemyir's Antique Weapon Boutique.
   728 | D:1      | 728 ||| SHOPLISTING glowing sling (94 gold, have 27).
   728 | D:1      | 728 ||| SHOPLISTING runed shortbow (126 gold, have 27).
   758 | D:1      | Found a faded altar of an unknown god.
   851 | D:1      | 851 ||| UPGRADING to +2 cloak.
   856 | D:1      | 856 ||| READING scroll labelled WOPEKHLEISS.
   856 | D:1      | 856 ||| IDENTIFYING scroll labelled UTOIGOOLIL
   857 | D:1      | 857 ||| READING scroll labelled NOPNERUSMI.
   858 | D:1      | 858 ||| DROPPING scroll of butterflies.
   859 | D:1      | 859 ||| DROPPING scroll of revelation.
   914 | D:2      | Reached XP level 3. HP: 20/20 MP: 5/5
  1109 | D:2      | Reached skill level 7 in Ranged Weapons
  1261 | D:2      | Found a hide-covered altar of Uskayaw.
  1327 | D:2      | Noticed Natasha
  1329 | D:2      | Killed Natasha
  1330 | D:2      | Reached XP level 4. HP: 25/25 MP: 6/6
  1376 | D:2      | Noticed Natasha
  1378 | D:2      | 1378 ||| FLEEEEING.
  1385 | D:2      | HP: 2/25 [Natasha/magic dart (8)]
  1389 | D:2      | Slain by Natasha

Levels and vault maps discovered:
D:1:      reono_arrival_mine, layout_loops_corners,
          dreamdust_ecumenical_altar_angels_and_demons, serial_shops,
          nicolae_shop_tiny_real_fake_doors, corexii_item_surrounded_by_moat,
          minivault_23
D:2:      layout_basic, basic_altar, uniq_natasha

Skill      XL: |  1  2  3 |
---------------+----------+-----
Ranged Weapons | 6 7 |  7.6
Fighting       | |  1.5
Dodging        | |  2.4
Stealth        | |  1.2

Action                     |  1- 3 |  4- 6 || total
---------------------------+-------+-------++-------
   Fire: Shortbow          |    78 |    18 ||    96
    Use: Scroll            |     2 |       ||     2
 Armour: Leather armour    |     6 |     6 ||    12
  Dodge: Dodged            |     3 |     4 ||     7

Table legend:
 A = Non-vault XP
 B = Vault XP
 C = Vault XP percentage of total XP
 D = Non-vault monster count
 E = Vault monster count
 F = Vault count percentage of total count
                 A         B        C        D         E       F
            +---------+---------+-------+---------+---------+-------
      Total |      82 |      35 |  29.9 |      40 |       1 |   2.4
            +---------+---------+-------+---------+---------+-------
        D:1 |      37 |       0 |   0.0 |      23 |       0 |   0.0
        D:2 |      45 |      35 |  43.8 |      17 |       1 |   5.6
            +---------+---------+-------+---------+---------+-------
